 Dungeon Crawl Stone Soup version 0.31-a0-853-gc9b61b78f7 (webtiles) character file.

Game seed: 1632376400180778350

50356 GeoRichter the Severer (level 14, 135/135 HPs)
             Began as a Minotaur Fighter on Oct 8, 2023.
             Was an Elder of Qazlal.
             Quit the game on level 5 of the Lair of Beasts on Mar 6, 2024.
             The game lasted 00:20:17 (11949 turns).

GeoRichter the Severer (Minotaur Fighter)          Turns: 11949, Time: 00:20:17

Health: 135/135    AC: 20    Str: 30    XL:     14   Next: 19%
Magic:  20/20      EV:  8    Int:  5    God:    Qazlal [****..]
Gold:   684        SH:  5    Dex: 12    Spells: 13/13 levels left

rFire   . . .        G - +5 battleaxe
rCold   . . .        (shield currently unavailable)
rNeg    . . .        i - +0 plate armour
rPois   .            (helmet restricted)
rElec   .            m - +0 cloak
rCorr   .            g - +1 pair of gloves
SInv    +            M - +0 pair of boots
Will    +....        e - amulet of regeneration Stlth
                     h - +6 ring of strength
HPRegen 1.22/turn    v - ring of see invisible
MPRegen 0.17/turn

%: repel missiles
@: studying Staves
A: horns 2, retaliatory headbutt
a: Renounce Religion, Upheaval, Elemental Force


You were on level 5 of the Lair of Beasts.
You worshipped Qazlal.
Qazlal was greatly pleased with you.
You visited 2 branches of the dungeon, and saw 14 of its levels.

You collected 684 gold pieces.

Inventory:

Hand Weapons
 a - a +0 war axe
 s - a +1 demon whip of venom
   (You took it off Amaemon on level 1 of the Lair of Beasts)
 u - a +5 heavy flail
   (You took it off Edmund on level 6 of the Dungeon)
 G - a +5 battleaxe (weapon)
   (You took it off a wight on level 7 of the Dungeon)
Missiles
 o - 8 curare-tipped darts
 T - 2 javelins (quivered)
 U - a throwing net
Armour
 c - a +0 buckler
 g - a +1 pair of gloves (worn)
   (You found it on level 3 of the Dungeon)
 i - a +0 plate armour (worn)
   (You found it on level 3 of the Dungeon)
 m - a +0 cloak (worn)
   (You found it on level 2 of the Dungeon)
 B - a +1 ring mail of fire resistance
   (You took it off an orc priest on level 5 of the Dungeon)
 M - a +0 pair of boots (worn)
   (You found it on level 9 of the Dungeon)
Jewellery
 e - an amulet of regeneration (around neck)
   (You found it on level 3 of the Dungeon)
 h - a +6 ring of strength (left hand)
   (You found it on level 1 of the Dungeon)
 k - a ring of positive energy
   (You found it on level 2 of the Dungeon)
 v - a ring of see invisible (right hand)
   (You found it on level 3 of the Dungeon)
 A - a ring of flight
   (You found it on level 5 of the Dungeon)
Wands
 J - a wand of digging (5)
   (You found it on level 9 of the Dungeon)
 L - a wand of mindburst (5)
   (You took it off Sonja on level 1 of the Lair of Beasts)
 O - a wand of flame (26)
   (You found it on level 1 of the Lair of Beasts)
 P - a wand of paralysis (8)
   (You found it on level 1 of the Lair of Beasts)
Scrolls
 b - 3 scrolls of vulnerability
 j - 4 scrolls of revelation
 l - 5 scrolls of teleportation
 n - a scroll of summoning {unknown}
 t - 2 scrolls of immolation {unknown}
 w - 2 scrolls of poison
 y - 2 scrolls of fear {unknown}
 E - 2 scrolls of enchant weapon {unknown}
 F - 2 scrolls of amnesia {unknown}
 H - a scroll of brand weapon {unknown}
 I - 2 scrolls of noise
 R - a scroll of identify
 S - a scroll of torment {unknown}
 V - a scroll of fog {unknown}
Potions
 d - 4 potions of might
 f - 3 potions of mutation
 p - 2 potions of haste
 q - a potion of cancellation
 r - 3 potions of lignification
 x - 2 potions of curing
 z - 5 potions of heal wounds
 C - 3 potions of resistance
 D - 3 potions of attraction {unknown}
 K - 2 potions of berserk rage {unknown}
 N - a potion of invisibility {unknown}
 Q - a potion of ambrosia {unknown}


   Skills:
 + Level 15.0 Fighting
 - Level 18.0 Axes
 * Level 7.0 Throwing
 + Level 11.4 Armour
 - Level 3.6 Shields
 + Level 10.2 Invocations
 - Level 4.0 Evocations


You had 13 spell levels left.
You didn't know any spells.
Your spell library contained the following spells:

 Spells                   Type           Power      Damage    Failure   Level
 Shock                    Conj/Air       0%         1d3       98%         1
 Slow                     Hex            0%         N/A       98%         1
 Summon Small Mammal      Summ           0%         N/A       98%         1
 Cigotuvi's Dreadful Rot  Necr/Pois/Air  0%         N/A       99%         2
 Ensorcelled Hibernation  Hex/Ice        0%         N/A       99%         2
 Jinxbite                 Hex            0%         N/A       99%         2
 Passwall                 Tmut/Erth      0%         N/A       99%         2
 Call Canine Familiar     Summ           0%         N/A       100%        3
 Confusing Touch          Hex            0%         N/A       100%        3
 Ignite Poison            Fire/Tmut/Pois 0%         N/A       100%        3
 Sigil of Binding         Hex            0%         N/A       100%        3
 Summon Guardian Golem    Hex/Summ       0%         N/A       100%        3
 Swiftness                Air            0%         N/A       100%        3
 Vampiric Draining        Necr           0%         2d6       100%        3
 Airstrike                Air            0%         2d(0-16)  100%        4
 Dimensional Bullseye     Hex/Tloc       0%         N/A       100%        4
 Leda's Liquefaction      Hex/Erth       0%         N/A       100%        4
 Freezing Cloud           Conj/Ice/Air   0%         6-21      100%        5
 Summon Horrible Things   Summ           0%         N/A       100%        8


Dungeon Overview and Level Annotations

Branches:
Dungeon (9/15) Zot: 26208  Temple (0/1) D:6            Lair (5/5) D:8 Zot: 24480
 Shoals (0/4) Lair:3       Spider (0/4) Lair:3        Slime (0/5) Lair:5
    Orc: D:9-12

Altars:
Cheibriados
Dithmenos
Okawaru
Qazlal
Wu Jian

Shops:
D:3 *   D:4 *   D:9 *

Annotations:
D:9 1 runed translucent door
Lair:4 3 runed translucent doors, exclusion: ice statue, Opekasam's ghost, journeyman TrHs


Innate Abilities, Weirdness & Mutations

You have a pair of horns on your head.
You reflexively headbutt those who attack you in melee.


Message History

The spriggan hits you but does no damage.
You slice the spriggan!!
You kill the spriggan!
Qazlal accepts your kill.
You swing at nothing.
You hear a howl!
A wolf comes into view.
You hear an angry buzzing noise.
You hear an angry buzzing noise.
You hear a howl! x2
You closely miss the wolf. You headbutt the wolf!
The wolf is heavily wounded.
You slice the fungus!!
The fungus begins to die.
The wolf bites you.
You slice the wolf!!
You kill the wolf!
Qazlal accepts your kill.
You slash the fungus!
A hornet comes into view.
Your Fighting skill increases to level 15!
You hear a howl!
A nearby fungus withers and dies.
You hear a loud, deep croak!
You see here a wolf corpse.
You completely miss the hornet. You headbutt the hornet!
The hornet is moderately wounded.
You block the hornet's attack.
You hit the hornet.
The hornet is heavily wounded.
You block the hornet's attack.
You barely miss the hornet.
The hornet is heavily wounded.
The hornet stings you but does no damage.
You hit the hornet but do no damage.
The hornet is heavily wounded.
You block the hornet's attack.
The hornet stings you but does no damage.
You completely miss the hornet. You headbutt the hornet!
The hornet is almost dead.
The hornet barely misses you. You furiously retaliate!
You headbutt the hornet!
You kill the hornet!
Qazlal accepts your kill.
You see here a wolf corpse.
You start resting.
HP restored.
Saving game... please wait.
Welcome back, GeoRichter the Minotaur Fighter.
Qazlal says: Let the forces of nature tear it all down!
Press ? for a list of commands and other information.
Unknown command.
Are you sure you want to abandon this character and quit the game? (Confirm with "yes".)

##.#..♣ .. .8..#.♣♣ ♣.
.....#.♣♣♣ ♣.
.<.8##...♣♣ ♣.
....#.....♣ ♣♣♣ ♣†♣♣
.8.##....#♣ #.♣♣♣ ♣h♣♣
###..†.††.###.#.♣♣ ♣†.♣
........†.......☼♣♣♣..♣
.....P.....#.#..@.....♣
#....#...#####...##..##
#....#...# ###.#####
..........# ##.#
..........# ##
..........# ###..####


There were no monsters in sight!

Vanquished Creatures
  2 hydras
  A catoblepas (Lair:3)
  2 boulder beetles (Lair:3)
  4 death yaks (Lair:2)
  Sonja (Lair:1)
  2 skysharks
  An oklob plant (Lair:3)
  A manticore (Lair:3)
  A merfolk siren (Lair:3)
  23 elephants
  7 black mambas
  12 cane toads
  Jeremiah (Lair:1)
  A torpor snail (Lair:3)
  4 rime drakes
  9 komodo dragons
  A freezing wraith (Lair:4)
  A merfolk (Lair:3)
  6 polar bears
  A meliai (Lair:3)
  5 hornets
  20 blink frogs
  15 dream sheep
  2 spriggans (Lair:5)
  5 wyverns
  28 yaks
  6 basilisks
  2 steam dragons
  Edmund (D:6)
  21 water moccasins
  2 orc warriors (D:9)
  3 sky beasts
  3 ice beasts
  5 black bears
  An ogre (D:7)
  4 wolves (Lair:5)
  A centaur (D:9)
  4 phantoms
  A kobold brigand (D:9)
  15 bullfrogs
  6 scorpions
  A gnoll sergeant (D:9)
  11 wights
  5 killer bees (Lair:3)
  3 howler monkeys
  A jelly (D:6)
  3 sleepcaps
  5 orc priests
  An iguana (D:6)
  7 orc wizards
  A hell rat (Lair:3)
  10 gnolls
  3 adders
  A shadow imp (D:7)
  3 white imps
  2 ufetubi (D:5)
  A worm (D:5)
  A dart slug (D:4)
  35 orcs
  8 endoplasms
  4 giant cockroaches
  6 hobgoblins
  A quokka (D:1)
  9 ball pythons
  2 bats (D:1)
  5 frilled lizards
  7 goblins
  14 kobolds
  2 rats
383 creatures vanquished.

Vanquished Creatures (collateral kills)
  A hydra (Lair:5)
  Amaemon (Lair:1)
  An orange demon (Lair:1)
  2 merfolk (Lair:3)
  2 dream sheep (Lair:5)
  2 yaks (Lair:1)
9 creatures vanquished.

Grand Total: 392 creatures vanquished

Notes
Turn   | Place    | Note
-------+----------+-------------------------------------------
     0 | D:1      | GeoRichter the Minotaur Fighter began the quest for the
                  | Orb.
     0 | D:1      | Reached XP level 1. HP: 19/19 MP: 0/0
     2 | D:1      | Noticed a merfolk
     2 | D:1      | Noticed a tengu
     4 | D:1      | Noticed a formicid
     6 | D:1      | Noticed an octopode
     6 | D:1      | Noticed a demonspawn
     8 | D:1      | Noticed a gargoyle
    10 | D:1      | Noticed an ogre
    10 | D:1      | Noticed a ghoul
    12 | D:1      | Noticed a human
    12 | D:1      | Noticed a meteoran
    14 | D:1      | Noticed a troll
    14 | D:1      | Noticed a vine stalker
    16 | D:1      | Noticed a vampire
    16 | D:1      | Noticed a naga
    18 | D:1      | Noticed an elf
    20 | D:1      | Noticed a spriggan
    20 | D:1      | Noticed an armataur
    22 | D:1      | Noticed a minotaur
    22 | D:1      | Noticed a demigod
    24 | D:1      | Noticed a felid
    24 | D:1      | Noticed an ogre
   138 | D:1      | Reached skill level 3 in Axes
   200 | D:1      | Reached XP level 2. HP: 21/27 MP: 1/1
   834 | D:2      | Reached XP level 3. HP: 25/33 MP: 2/2
   990 | D:2      | Reached skill level 4 in Axes
  1443 | D:2      | Found an ornate altar of the Wu Jian Council.
  1643 | D:2      | Found a faded altar of an unknown god.
  2075 | D:3      | Found Tudiumif's Assorted Antiques.
  2274 | D:4      | Reached XP level 4. HP: 41/41 MP: 3/3
  2289 | D:4      | Noticed a phantom
  2307 | D:4      | Killed a phantom
  2308 | D:4      | Reached skill level 5 in Fighting
  2308 | D:4      | Reached skill level 5 in Axes
  2308 | D:4      | Reached XP level 5. HP: 48/48 MP: 4/4
  2486 | D:4      | Found Seaddoloc's Neck Hole.
  2519 | D:4      | Found a stormy altar of Qazlal.
  2519 | D:4      | Noticed a sky beast
  2524 | D:4      | Killed a sky beast
  2525 | D:4      | Reached skill level 6 in Axes
  2532 | D:4      | Reached XP level 6. HP: 56/56 MP: 5/5
  2542 | D:4      | Became a worshipper of Qazlal Stormbringer
  2556 | D:4      | Identified the +1 robe "Ucuewn" {*Slow rCorr Int+2}
  2723 | D:5      | Entered Level 5 of the Dungeon
  2908 | D:5      | Reached skill level 7 in Axes
  2991 | D:5      | Reached XP level 7. HP: 53/64 MP: 6/6
  3124 | D:5      | Reached skill level 8 in Axes
  3173 | D:5      | Found an iron altar of Okawaru.
  3176 | D:5      | Reached * piety under Qazlal
  3323 | D:5      | Found a snail-covered altar of Cheibriados.
  3509 | D:6      | Found a staircase to the Ecumenical Temple.
  3526 | D:6      | Reached skill level 9 in Axes
  3534 | D:6      | Reached XP level 8. HP: 73/73 MP: 7/7
  3745 | D:6      | Reached skill level 10 in Axes
  3769 | D:6      | Noticed Edmund
  3775 | D:6      | Killed Edmund
  4186 | D:7      | Identified the ring "Gunucoca" {Fire Stlth+}
  4199 | D:7      | Reached skill level 5 in Armour
  4241 | D:7      | Reached skill level 11 in Axes
  4358 | D:7      | Reached XP level 9. HP: 73/82 MP: 8/8
  4818 | D:8      | Noticed a komodo dragon
  4839 | D:8      | Killed a komodo dragon
  4878 | D:8      | Reached skill level 12 in Axes
  4996 | D:8      | Reached ** piety under Qazlal
  5036 | D:8      | Found a staircase to the Lair.
  5060 | D:8      | Reached skill level 13 in Axes
  5069 | D:8      | Reached XP level 10. HP: 90/93 MP: 9/9
  5076 | D:8      | Reached skill level 10 in Fighting
  5412 | D:8      | Found a shadowy altar of Dithmenos.
  5612 | D:9      | Found a runed translucent door.
  5761 | D:9      | Identified the +1 chain mail of the Original Sin {Rampage
                  | +Blink Int+2}
  5958 | D:9      | Reached *** piety under Qazlal
  5963 | D:9      | Reached skill level 1 in Invocations
  6093 | D:9      | Found Utueza's Assorted Antiques.
  6359 | Lair:1   | Entered Level 1 of the Lair of Beasts
  6366 | Lair:1   | Noticed a cane toad
  6396 | Lair:1   | Killed a cane toad
  6439 | Lair:1   | Reached skill level 14 in Axes
  6443 | Lair:1   | Noticed an orange demon
  6448 | Lair:1   | Noticed Amaemon
  6449 | Lair:1   | Reached skill level 5 in Invocations
  6475 | Lair:1   | Killed an orange demon
  6478 | Lair:1   | Killed Amaemon
  6479 | Lair:1   | Reached XP level 11. HP: 82/102 MP: 8/14
  6783 | Lair:1   | Noticed Jeremiah
  6810 | Lair:1   | Killed Jeremiah
  6877 | Lair:1   | Noticed Sonja
  6884 | Lair:1   | Killed Sonja
  7393 | Lair:2   | Got a grimy book
  7395 | Lair:2   | Noticed a five-headed hydra
  7404 | Lair:2   | Killed a five-headed hydra
  7405 | Lair:2   | Reached skill level 1 in Evocations
  7423 | Lair:2   | Reached skill level 15 in Axes
  7636 | Lair:2   | Noticed a death yak
  7637 | Lair:2   | Noticed a death yak
  7638 | Lair:2   | Noticed a death yak
  7642 | Lair:2   | Noticed a death yak
  7651 | Lair:2   | Killed a death yak
  7652 | Lair:2   | Reached XP level 12. HP: 107/112 MP: 17/17
  7658 | Lair:2   | Killed a death yak
  7662 | Lair:2   | Killed a death yak
  7666 | Lair:2   | Killed a death yak
  7767 | Lair:2   | Reached skill level 16 in Axes
  8378 | Lair:3   | Reached **** piety under Qazlal
  8541 | Lair:3   | Reached skill level 17 in Axes
  8690 | Lair:3   | Found a hole to the Spider Nest.
  9037 | Lair:3   | Noticed a boulder beetle
  9046 | Lair:3   | Killed a boulder beetle
  9229 | Lair:3   | Reached XP level 13. HP: 119/122 MP: 18/18
  9278 | Lair:3   | Found a staircase to the Shoals.
  9660 | Lair:3   | Reached skill level 18 in Axes
 10128 | Lair:4   | Reached skill level 1 in Throwing
 10239 | Lair:4   | Reached skill level 10 in Armour
 10447 | Lair:4   | Found a runed translucent gate.
 10448 | Lair:4   | Found a runed translucent gate.
 10449 | Lair:4   | Found a runed translucent gate.
 10451 | Lair:4   | Noticed Opekasam's ghost (journeyman TrHs)
 11347 | Lair:5   | Entered Level 5 of the Lair of Beasts
 11366 | Lair:5   | Reached skill level 5 in Throwing
 11431 | Lair:5   | Found a staircase to the Slime Pits.
 11615 | Lair:5   | Reached skill level 10 in Invocations
 11662 | Lair:5   | Reached XP level 14. HP: 123/133 MP: 14/20
 11924 | Lair:5   | Reached skill level 15 in Fighting
 11949 | Lair:5   | Quit the game

Illustrated notes

Levels and vault maps discovered:
D:1:      kb_arrival_jail, layout_loops_ring, st_stairs_3,
          minmay_misc_feat_alley, hangedman_decor_points, minmay_octomino_j4
D:2:      layout_loops_corners, shapermc_ecumenical_altar_mp_urbaneastern,
          basic_altar, eino_tiny_chamber
D:3:      minmay_chambers_of_threes, layout_rooms, serial_shops,
          nicolae_shop_hallway_plus, minmay_misc_feat_encased
D:4:      layout_cave_pools, nicolae_qazlal_beasts_of_the_sky,
          minmay_strange_pillars, nicolae_shop_sticking_my_neck_out
D:5:      layout_loops_cross, okawaru_altar_gauntlet_db, slow_altar_2,
          hellmonk_no_cap
D:6:      layout_loops_cross, minmay_temple_entry_junction, serial_glass,
          glass_columns_b, glass_columns_c, uniq_edmund
D:7:      layout_basic, kennysheep_generic_room_6
D:8:      layout_loops_ring, kennysheep_mini_moat, due_lair_maze_entry_diamond
D:9:      gammafunk_indiana_jones, layout_irregular_city, serial_shops, shop,
          minmay_misc_feat_cross
Lair:1:   layout_regular_city, serial_forest, infiniplex_forest_diagonal,
          infiniplex_forest_lined_corner, infiniplex_forest_clump_tiny,
          infiniplex_forest_end_2, infiniplex_forest_clump_C,
          infiniplex_forest_lined_3_way, serial_bayou_pond_a, uniq_amaemon,
          uniq_jeremiah, uniq_sonja
Lair:2:   layout_cave_pods, lemuel_fruit_tree
Lair:3:   nzn_winding_woodlands_stair_trap [nzn_winding_woodlands_5x15_zeroes,
          nzn_winding_woodlands_5x15_twine, nzn_winding_woodlands_5x15_eye,
          nzn_winding_woodlands_15x15_boxy_spiral,
          nzn_winding_woodlands_5x15_lazy_stream,
          nzn_winding_woodlands_5x15_parted, nzn_winding_woodlands_5x15_jagged],
          layout_chaotic_city, elwin_shoals_entry_stream,
          hellmonk_spider_entry_not_the_bees
Lair:4:   layout_regular_city, gammafunk_ghost_hydra_chop, ice2_lemuel
Lair:5:   minmay_lair_end_enchanted_forest, layout_small_grid, slime_entry_1,
          ebering_ghost_funeral_grove, serial_bayou_lagoon_b, grunt_megastairs_1

Skill      XL: |  1  2  3  4  5  6  7  8  9 10 11 12 13 14 |
---------------+-------------------------------------------+-----
Axes           | 3 4 5 6 7 9 11 13 14 15 17 18 | 18.0
Fighting       | 4 5 6 7 8 9 11 12 13 14 15 | 15.0
Armour         | 5 7 9 11 | 11.4
Invocations    | 5 9 10 | 10.2
Evocations     | 3 4 |  4.0
Throwing       | 6 7 |  7.0
Shields        | |  3.6

Action                     |  1- 3 |  4- 6 |  7- 9 | 10-12 | 13-15 || total
---------------------------+-------+-------+-------+-------+-------++-------
  Melee: War axe           |    93 |    50 |   206 |   135 |       ||   484
         Headbutt          |    10 |     9 |    45 |    79 |    61 ||   204
         Battleaxe         |       |       |       |   240 |   315 ||   555
         Demon whip        |       |       |       |       |     2 ||     2
  Throw: Javelin           |       |       |       |       |     1 ||     1
 Invoke: Elemental Force   |       |       |       |     3 |     1 ||     4
         Upheaval          |       |       |       |     6 |     7 ||    13
  Evoke: Wand              |       |       |       |     6 |     3 ||     9
    Use: Scroll            |     6 |       |       |     7 |     1 ||    14
         Potion            |       |       |       |     1 |       ||     1
   Stab: Distracted        |       |       |       |       |     1 ||     1
 Armour: Scale mail        |    37 |       |       |       |       ||    37
         Chain mail        |    18 |       |       |       |       ||    18
         Plate armour      |     5 |    46 |   125 |   337 |   304 ||   817
  Dodge: Dodged            |    32 |    22 |    58 |   132 |    86 ||   330
         Repelled          |       |       |       |       |     2 ||     2
  Block: Buckler           |    19 |     9 |    33 |    42 |       ||   103
         Other             |       |       |       |    55 |    63 ||   118

Table legend: (Time is in decaauts)
 A = Elapsed time spent in this place.
 B = Non-inter-level travel time spent in this place.
 C = Inter-level travel time spent in this place.
 D = Time resting spent in this place.
 E = Time spent auto-exploring this place.
 F = Levels seen in this place.
 G = Mean time per level.
                   A        B        C        D        E       F      G
               +--------+--------+--------+--------+--------+-----+--------+
         Total |  11930 |  11528 |    402 |    159 |   9062 |  14 |  852.1 |
       Dungeon |   6410 |   6091 |    319 |      4 |   4946 |   9 |  712.2 |
          Lair |   5519 |   5436 |     83 |    155 |   4116 |   5 | 1103.8 |
               +--------+--------+--------+--------+--------+-----+--------+

Top non-repeatable levels by time:
  Lair:3: 1765 daAuts
  Lair:4: 1211 daAuts
  Lair:2: 1029 daAuts
     D:2: 992 daAuts
  Lair:1: 937 daAuts
     D:8: 808 daAuts
     D:9: 755 daAuts
     D:5: 745 daAuts
     D:1: 719 daAuts
     D:6: 715 daAuts
     D:7: 626 daAuts
  Lair:5: 575 daAuts
     D:3: 565 daAuts
     D:4: 481 daAuts
